 Dungeon Crawl Stone Soup version 0.32-a0-886-g41c5271027 (webtiles) character file.

Game seed: 5084718428344468132

187 Autsider the Magician (level 5, -1/45 HPs)
             Began as an Oni Hedge Wizard on Apr 2, 2024.
             Slain by an iguana (14 damage)
             ... on level 4 of the Dungeon.
             The game lasted 00:10:45 (3535 turns).

Autsider the Magician (Oni Hedge Wizard)            Turns: 3535, Time: 00:10:46

Health: -1/45      AC:  1    Str: 20    XL:     5   Next: 66%
Magic:  1/11       EV:  8    Int: 17    God:
Gold:   191        SH:  0    Dex:  8    Spells: 3/13 levels left

rFire   . . .        e - +0 club
rCold   . . .        (no shield)
rNeg    . . .        (body armour restricted)
rPois   .            c - +0 hat
rElec   .            (no cloak)
rCorr   .            (gloves unavailable)
SInv    .            (boots unavailable)
Will    .....        (no amulet)
Stlth   +            i - +6 ring of strength
HPRegen 0.27/turn    (no ring)
MPRegen 0.12/turn

%: no passive effects
@: no status effects
A: large, unfitting armour, horns 1, tough skin 1, double potion healing,
drunken brawling
a: no special abilities


You were on level 4 of the Dungeon.
You visited 1 branch of the dungeon, and saw 4 of its levels.

You collected 191 gold pieces.

Inventory:

Hand Weapons
 e - a +0 club (weapon)
Armour
 c - a +0 hat (worn)
Jewellery
 i - a +6 ring of strength (left hand)
Scrolls
 a - a scroll of fog {unknown}
 b - 2 scrolls of revelation {unknown}
 g - a scroll of identify {unknown}
 h - 2 scrolls of amnesia {unknown}
 j - a scroll of immolation {unknown}
 l - a scroll of fear {unknown}
 m - a scroll of blinking {unknown}
Potions
 d - 2 potions of magic
 f - a potion of curing {unknown}
 k - a potion of enlightenment {unknown}
 n - a potion of mutation {unknown}


   Skills:
 - Level 1.7 Dodging
 - Level 1.4 Stealth
 + Level 4.5 Spellcasting
 * Level 3.4 Conjurations
 + Level 2.3 Summonings
 + Level 1.2 Translocations


You had 3 spell levels left.
You knew the following spells:

 Your Spells              Type           Power      Damage    Failure   Level
a - Magic Dart            Conj           60%        1d6       3%          1
b - Cigotuvi's Dreadful   Necr/Alch/Air  6%         N/A       22%         2
w - Mephitic Cloud        Conj/Alch/Air  7%         N/A       28%         3
z - Blink                 Tloc           16%        N/A       14%         2
A - Call Imp              Summ           22%        N/A       9%          2

Your spell library contained the following spells:

 Spells                   Type           Power      Damage    Failure   Level
 Slow                     Hex            12%        N/A       16%         1
 Sublimation of Blood     Necr           3%         N/A       22%         2
 Summon Hydra             Summ           5%         N/A       100%        7


Dungeon Overview and Level Annotations

Branches:
Dungeon (4/15)
 Temple: D:4-7

Altars:

Annotations:
D:1 exclusion: downstairs


Innate Abilities, Weirdness & Mutations

You are too large for most types of armour.
You have a pair of small horns on your head.
You have tough skin. (AC +1)
You gain doubled healing and magic from potions.
Whenever you drink a healing potion, you attack all around you.


Message History

Aim: an iguana (moderately wounded, ally target, 100% to hit)
The magic dart hits the iguana.
The iguana is heavily wounded.
The iguana bites you.
Your cerulean imp barely misses the iguana.
Casting: Magic Dart (safe; 3% risk of failure)
Confirm with . or Enter, or press ? or * to list all spells.
Aiming: Magic Dart (safe; 3% risk of failure)
Press: ? - help, Shift-Dir - straight line, f/p - iguana
Aim: an iguana (heavily wounded, ally target, 100% to hit)
The magic dart hits the iguana.
The iguana is heavily wounded.
The iguana bites you!
* * * LOW HITPOINT WARNING * * *
Your cerulean imp closely misses the iguana.
Casting: Magic Dart (safe; 3% risk of failure)
Confirm with . or Enter, or press ? or * to list all spells.
Aiming: Magic Dart (safe; 3% risk of failure)
Press: ? - help, Shift-Dir - straight line, f/p - iguana
Aim: an iguana (heavily wounded, ally target, 100% to hit)
The magic dart hits the iguana.
The iguana is severely wounded.
The iguana bites you.
* * * LOW HITPOINT WARNING * * *
Your cerulean imp barely misses the iguana.
Your magical contamination has completely faded away.
Casting: Magic Dart (safe; 3% risk of failure)
Confirm with . or Enter, or press ? or * to list all spells.
Aiming: Magic Dart (safe; 3% risk of failure)
Press: ? - help, Shift-Dir - straight line, f/p - iguana
Aim: an iguana (severely wounded, ally target, 100% to hit)
The magic dart hits the iguana.
The iguana is almost dead.
The iguana bites you!
* * * LOW HITPOINT WARNING * * *
Your cerulean imp barely misses the iguana.
You hit the iguana but do no damage.
The iguana is almost dead.
The iguana bites you!
You die...

###.# ..>.#
###...# .....#
....# #
.#####...#.####
.....5.l.......
#####@#.#####
#<...........
#####.#.#####
#.#.# ..# # #.#
... ... ...


You could see an iguana (ally target) and a friendly cerulean imp (summoned).

Vanquished Creatures
  4 gnolls
  2 adders (D:2)
  A dart slug (D:1)
  A ribbon worm (D:2)
  8 ball pythons
  4 bats
  5 endoplasms
  2 giant cockroaches (D:1)
  2 goblins
  4 hobgoblins
  3 jackals (D:3)
  A quokka (D:1)
  4 frilled lizards
  6 kobolds
  6 rats
53 creatures vanquished.

Vanquished Creatures (collateral kills)
  A jelly (D:4)
  2 gnolls (D:2)
  An adder (D:3)
  2 ribbon worms
  2 endoplasms (D:1)
  A goblin (D:1)
  2 jackals (D:2)
  A rat (D:2)
12 creatures vanquished.

Grand Total: 65 creatures vanquished

Notes
Turn   | Place    | Note
-------+----------+-------------------------------------------
     0 | D:1      | Autsider the Oni Hedge Wizard began the quest for the Orb.
     0 | D:1      | Reached XP level 1. HP: 16/16 MP: 5/5
    20 | D:1      | Reached skill level 1 in Conjurations
    74 | D:1      | Reached skill level 1 in Summonings
   192 | D:1      | Reached XP level 2. HP: 24/24 MP: 1/6
   254 | D:1      | Learned a level 2 spell: Call Imp
   257 | D:1      | Learned a level 2 spell: Blink
   865 | D:1      | Reached XP level 3. HP: 28/31 MP: 0/8
  1227 | D:2      | Reached skill level 4 in Spellcasting
  1651 | D:1      | Reached XP level 4. HP: 8/39 MP: 0/10
  2313 | D:2      | Reached XP level 5. HP: 38/45 MP: 0/11
  2318 | D:2      | Learned a level 2 spell: Cigotuvi's Dreadful Rot
  2322 | D:2      | Learned a level 3 spell: Mephitic Cloud
  2501 | D:2      | Reached skill level 1 in Translocations
  3535 | D:4      | Slain by an iguana

Illustrated notes

Levels and vault maps discovered:
D:1:      tarquinn_simple_flora_water_e, layout_loops_cross
D:2:      layout_basic, grunt_decor_junction
D:3:      layout_basic
D:4:      layout_basic, minmay_temple_entry_hall,
          gammafunk_ghost_abyssal_escape, uniq_edmund

Skill      XL: |  1  2  3  4  5 |
---------------+----------------+-----
Conjurations   | 1 2 3 |  3.4
Summonings     | 1 2 |  2.3
Spellcasting   | 4 |  4.5
Translocations | 1 |  1.2
Dodging        | |  1.7
Stealth        | |  1.4

Action                     |  1- 3 |  4- 6 || total
---------------------------+-------+-------++-------
  Melee: Headbutt          |     4 |     4 ||     8
         Unarmed           |     1 |       ||     1
         Club              |    11 |    18 ||    29
   Cast: Magic Dart        |    72 |    87 ||   159
         Call Imp          |     6 |    13 ||    19
         Mephitic Cloud    |       |     2 ||     2
   Stab: Confused          |       |     1 ||     1
 Armour: Skin              |    25 |    42 ||    67
  Dodge: Dodged            |    10 |    31 ||    41

Table legend: (Time is in decaauts)
 A = Elapsed time spent in this place.
 B = Non-inter-level travel time spent in this place.
 C = Inter-level travel time spent in this place.
 D = Time resting spent in this place.
 E = Time spent auto-exploring this place.
 F = Levels seen in this place.
 G = Mean time per level.
                   A        B        C        D        E       F      G
               +--------+--------+--------+--------+--------+-----+--------+
         Total |   3545 |   3456 |     89 |    227 |   2727 |   4 |  886.2 |
       Dungeon |   3545 |   3456 |     89 |    227 |   2727 |   4 |  886.2 |
               +--------+--------+--------+--------+--------+-----+--------+

Top non-repeatable levels by time:
     D:1: 1634 daAuts
     D:2: 1093 daAuts
     D:3: 760 daAuts
     D:4: 55 daAuts
